Unix NetHack Version 3.7.0-71 Work-in-progress - last build Jan 31 2023 02:41:03 (7ba98a1283f2b7cec35fde026edb48fc825ab8ae,branch:master). Game began 2023-02-08 01:17:47, ended 2023-02-08 01:32:08. Gandelf, neutral male human Monk ------ --.----- ...C| |......| ....| ....<..| -...| |......| |...| -------- |C..| | |...| .. -----..%| |.....C....a| |C.........a@# ------------- Gandelf the Initiate St:16 Dx:17 Co:11 In:13 Wi:9 Ch:11 Neutral S:2276 Dlvl:7 $:44 HP:0(48) Pw:27(27) AC:4 Xp:6/483 T:2683 Burdened Latest messages: You swap places with your little dog. The little dog picks up a curved sword. You see here a leash. You find a hidden door. The door opens. You hit the werewolf! The werewolf hits! You hit the werewolf! The werewolf changes into a wolf. The werewolf bites! You hit the werewolf! The werewolf turns to flee. You kill the werewolf! You hit the paper golem! The paper golem hits! You hit the paper golem! The paper golem hits! You destroy the paper golem! You have a little trouble lifting O - an unlabeled scroll (2 in total). You have a little trouble lifting R - a maple wand. There is nothing here to pick up. You fall down the stairs. You see here a tripe ration. You have a little trouble lifting S - a tripe ration. You climb up the stairs. There is an altar to Huan Ti (chaotic) here. A trap door opens up under you! You hit the homunculus! You hit the homunculus! The homunculus bites! You kill the homunculus! You see here a statue of a plains centaur. The fire ant bites! The fire ant misses! The fire ant bites! The fire ant bites! You're on fire! Some of your clear potions boil and explode! Call a clear potion: water The fire ant bites! The fire ant misses! The fire ant bites! The fire ant bites! The fire ant bites! You die... Do you want your possessions identified? [ynq] (y) y Do you want to see your attributes? [ynq] (y) y Do you want an account of creatures vanquished? [ynaq] (y) y Do you want to see your conduct and achievements? [ynq] (y) y Do you want to see the dungeon overview? [ynq] (y) y Inventory: Coins $ - 44 gold pieces Weapons v - 19 +0 arrows w - a +0 bow x - a +0 bow n - 17 +0 darts o - a poisoned +0 dart t - a cursed -1 elven dagger p - a +0 morning star Armor a - an uncursed +2 pair of leather gloves (being worn) j - an uncursed +0 pair of elven boots A - a cursed -1 pair of levitation boots z - an uncursed +2 dwarvish cloak E - an uncursed +0 dwarvish cloak b - an uncursed +1 robe (being worn) Comestibles g - 5 uncursed apples H - an uncursed carrot f - 3 uncursed food rations i - 3 uncursed fortune cookies h - 5 uncursed oranges S - an uncursed tripe ration l - 2 uncursed eggs Scrolls O - 2 uncursed scrolls of blank paper m - 2 uncursed scrolls of identify q - an uncursed scroll of punishment d - an uncursed scroll of stinking cloud k - an uncursed scroll of teleportation P - an uncursed scroll of teleportation Spellbooks c - a blessed spellbook of healing Potions u - an uncursed potion of confusion r - a cursed potion of gain energy K - a blessed diluted potion of object detection M - an uncursed potion of object detection e - a potion of holy water J - an uncursed potion of water Wands D - a wand of create monster (0:12) R - a wand of polymorph (0:5) Tools L - an uncursed mirror N - an uncursed mirror F - a +0 pick-axe Gems/Stones C - an uncursed worthless piece of black glass Gandelf the Monk's attributes: Background: You were an Initiate, a level 6 male human Monk. You were neutral, on a mission for Chih Sung-tzu who was opposed by Shan Lai Ching (lawful) and Huan Ti (chaotic). You were in the Dungeons of Doom, on level 7. You entered the dungeon 2683 turns ago. It was nighttime. You had 483 experience points, 157 more were needed to attain level 7. Your score was 2276 before end-of-game adjustments. Basics: You had 0 out of 48 hit points. You had all 27 energy points (spell power). Your armor class was 4. Your wallet contained 44 zorkmids. Autopickup was on for '$?!+/=' plus thrown. Final Characteristics: Your strength was 16 (limit:18/100). Your dexterity was 17 (limit:18). Your constitution was 11 (limit:18). Your intelligence was 13 (limit:18). Your wisdom was 9 (limit:18). Your charisma was 11 (limit:18). Final Status: You were not hungry. You were burdened; movement was slightly slowed. You were empty handed. You were skilled in martial arts. Final Attributes: You were piously aligned. You were sleep resistant. You were poison resistant. You saw invisible. You were stealthy. You were guarded. You were fast. You are dead. Miscellaneous: You never encountered a bones level. Total elapsed playing time was 14 minutes and 21 seconds. Major events: Turn 1: Gandelf the neutral male human Monk entered the dungeon 1132: attained the rank of Novice (level 3) 1237: entered the Gnomish Mines 1392: reached Mine Town 2193: attained the rank of Initiate (level 6) 2683: killed by a fire ant Vanquished creatures: a small mimic a werewolf a rope golem 2 wood nymphs 2 gnome leaders a gnomish wizard a paper golem 4 giant ants 4 dwarves a homunculus a rothe a giant bat a gas spore 7 manes 2 hobgoblins 5 giant rats a brown mold 17 gnomes 2 gnome zombies 2 geckos 3 jackals a fox a kobold a goblin 3 grid bugs a lichen a kobold zombie 6 newts 74 creatures vanquished. No species were genocided or became extinct. Voluntary challenges: You followed a strict vegan diet. You never hit with a wielded weapon. You were illiterate. You never engraved Elbereth. You never genocided any monsters. You never polymorphed an object. You never changed form. You used no wishes. Achievements: You entered a shop. You attained the rank of Novice. You entered the Gnomish Mines. You entered Minetown. You entered a temple. You attained the rank of Initiate. The Dungeons of Doom: levels 1 to 7 Level 1: Level 2: Level 3: A scroll shop. Level 4: A fountain, a grave. Stairs down to The Gnomish Mines. Level 5: A grave. Level 6: An altar, some graves. Level 7: <- You were here. Final resting place for you, killed by a fire ant. The Gnomish Mines: levels 5 to 7 Level 5: Level 6: Level 7: Many shops, a temple to Chih Sung-tzu, some fountains. Game over: ---------- / \ / REST \ / IN \ / PEACE \ / \ | Gandelf | | 44 Au | | killed by a fire | | ant | | | | | | 2023 | *| * * * | * _________)/\\_//(\/(/\)/\//\/|_)_______ Goodbye Gandelf the Monk... You died in The Dungeons of Doom on dungeon level 7 with 2272 points, and 44 pieces of gold, after 2683 moves. You were level 6 with a maximum of 48 hit points when you died.